AoeStats
← FlowCycling

Golden Pit

507987387Analyzed
1v1 RM · 12d ago on Sep 20, 2026· 34m 33s· 2 players
Game mode
Random Map
Map size
Tiny (2 player)
Population
200
Speed
Normal
Resources
Standard
Victory
Conquest
Starting age
Dark Age
Ending age
Imperial Age
RankedLock teamsTeams togetherTeam positionsShared explorationLock speedFull tech treeHidden civsTurbo modeCheats
Victory
Defeat
🇰🇿 Mongols · Kazakhstan
1060
+16
🇧🇪 Dravidians · Belgium
1064
-16
andreycsh
6:13 Loom
8:48 Feudal Age
9:22 Double-Bit Axe
11:58 Horse Collar
19:24 Castle Age
17:40 Gold Mining
18:53 Wheelbarrow
18:57 Bloodlines
19:37 Town Watch
20:40 Husbandry
21:18 Bow Saw
23:17 Scale Barding Armor
26:19 Forging
29:56 Stone Mining
30:12 Fletching
31:33 Heavy Plow
32:29 Gold Shaft Mining
37:27 Imperial Age
FlowCycling
1:53 Loom
10:14 Feudal Age
12:53 Double-Bit Axe
21:10 Castle Age
20:00 Forging
20:19 Gold Mining
22:09 Squires
21:31 Pikeman
21:36 Elite Skirmisher
22:22 Thumb Ring
24:48 Scale Mail Armor
25:54 Horse Collar
28:40 Fletching
Connection lost

Rejoining the realm…

Still unreachable

The connection could not be restored.

Session expired

The server has moved on; the page needs a fresh start.